 Dungeon Crawl Stone Soup version 0.27.1 (webtiles) character file.

Game seed: 3673048675771424000

206 greenlake the Ruffian (level 5, 0/53 HPs)
             Began as a Troll Necromancer on Aug 31, 2021.
             Slain by a scorpion (6 damage)
             ... on level 5 of the Dungeon.
             The game lasted 00:05:15 (1717 turns).

greenlake the Ruffian (Troll Necromancer)           Turns: 1717, Time: 00:05:15

Health: 0/53       AC:  4    Str: 17    XL:     5   Next: 53%
Magic:  5/5        EV:  9    Int: 11    God:
Gold:   88         SH:  0    Dex: 10    Spells: 5/6 levels left

rFire    . . .     SeeInvis .     - Unarmed
rCold    . . .     Faith    .   (no shield)
rNeg     . . .     Spirit   .   a - +0 robe
rPois    .         Reflect  .   (helmet restricted)
rElec    .         Harm     .   (no cloak)
rCorr    .         Rampage  .   (gloves unavailable)
Will     .....                  (boots unavailable)
Stlth    +.........             (no amulet)
HPRegen  1.17/turn              (no ring)
MPRegen  0.09/turn              (no ring)

@: lethally poisoned (0 -> -3)
A: large, unfitting armour, claws 3, regeneration 1, shaggy fur 1, tough skin 1
a: no special abilities


You were on level 5 of the Dungeon.
You visited 1 branch of the dungeon, and saw 5 of its levels.

You collected 88 gold pieces.

Inventory:

Armour
 a - a +0 robe (worn)
Scrolls
 b - a scroll of enchant armour {unknown}
 c - a scroll of summoning {unknown}
 e - a scroll of fog {unknown}
 i - a scroll of blinking {unknown}
 j - a scroll of amnesia {unknown}
Potions
 d - 2 potions of curing
 f - a potion of mutation {unknown}
 g - a potion of heal wounds {unknown}
 h - a potion of cancellation {unknown}


   Skills:
 + Level 3.0 Fighting
 - Level 1.5 Dodging
 - Level 1.0 Stealth
 + Level 3.6 Unarmed Combat
 - Level 1.2 Spellcasting
 - Level 3.2 Necromancy


You had 5 spell levels left.
You knew the following spells:

 Your Spells              Type           Power      Damage    Failure   Level
a - Pain                  Necr           28%        1d5       9%          1

Your spell library contained the following spells:

 Spells                   Type           Power      Damage    Failure   Level
 Animate Skeleton         Necr           14%        N/A       9%          1
 Vampiric Draining        Necr           3%         2d6       26%         3
 Animate Dead             Necr           3%         N/A       63%         4
 Mephitic Cloud           Conj/Pois/Air  0%         N/A       67%         3
 Stone Arrow              Conj/Erth      0%         3d7       67%         3
 Agony                    Necr           7%         N/A       93%         5
 Bolt of Magma            Conj/Fire/Erth 0%         4d4       100%        5
 Chain Lightning          Conj/Air       0%         N/A       100%        9


Dungeon Overview and Level Annotations

Branches:
Dungeon (6/15)
 Temple: D:4-7

Altars:
Trog


Innate Abilities, Weirdness & Mutations

You are too large for most types of armour.
You have claws for hands.
Your natural rate of healing is unusually fast.
You are covered in fur. (AC +1)
You have tough skin. (AC +1)


Message History

The bullfrog closely misses you. The bullfrog hits you.
* * * LOW HITPOINT WARNING * * *
The bullfrog closely misses you. The bullfrog barely misses you.
The bullfrog hits you.
* * * LOW HITPOINT WARNING * * *
The bullfrog hits you.
* * * LOW HITPOINT WARNING * * *
The bullfrog releases a deep croak.
The bullfrog hits you.
* * * LOW HITPOINT WARNING * * *
The bullfrog hits you.
* * * LOW HITPOINT WARNING * * *
You barely miss the bullfrog. The bullfrog completely misses you.
You scratch the bullfrog.
The bullfrog is moderately wounded.
The bullfrog hits you.
* * * LOW HITPOINT WARNING * * *
The bullfrog completely misses you.
The bullfrog hits you but does no damage.
The bullfrog closely misses you.
You claw the bullfrog!
The bullfrog is severely wounded.
The bullfrog hits you.
* * * LOW HITPOINT WARNING * * *
You closely miss the bullfrog.
The bullfrog is severely wounded.
The bullfrog closely misses you.
You claw the bullfrog!
You kill the bullfrog!
Your Fighting skill increases to level 3!
You closely miss the scorpion. The scorpion stings you.
* * * LOW HITPOINT WARNING * * *
You are poisoned.
The scorpion poisons you!
You closely miss the scorpion.
You feel very sick. The scorpion stings you.
You die...

#............
#########............
#...so.sS............
#.#######............
#.#####.#............
#sSo..so#............
#######S#............
#s#...........
#@#..........
#.#......### #.. ####


You could see a water moccasin, 2 scorpions and an orc.

Vanquished Creatures
  A bullfrog (D:5)
  Robin (D:2)
  3 adders
  3 gnolls (D:2)
  3 worms
  A dart slug (D:3)
  An orc (D:3)
  4 ball pythons
  5 endoplasms
  12 goblins
  10 hobgoblins
  5 bats
  2 frilled lizards (D:1)
  4 kobolds
  4 rats
59 creatures vanquished.

Notes
Turn   | Place    | Note
-------+----------+-------------------------------------------
     0 | D:1      | greenlake the Troll Necromancer began the quest for the
                  | Orb.
     0 | D:1      | Reached XP level 1. HP: 16/16 MP: 1/1
   134 | D:1      | Reached skill level 1 in Unarmed Combat
   144 | D:1      | Reached XP level 2. HP: 26/26 MP: 2/2
   153 | D:1      | Reached skill level 1 in Fighting
   660 | D:2      | Reached XP level 3. HP: 33/33 MP: 3/3
   782 | D:2      | Noticed Robin
   823 | D:2      | Reached XP level 4. HP: 42/42 MP: 4/4
   860 | D:2      | Killed Robin
   864 | D:2      | Got the Guide on Ashen Weightlessness
  1530 | D:3      | Found a bloodstained altar of Trog.
  1605 | D:3      | Reached XP level 5. HP: 34/50 MP: 5/5
  1638 | D:3      | You fall into a shaft and drop 3 floors!
  1638 | D:6      | Noticed an ice beast
  1638 | D:6      | Noticed an ogre
  1660 | D:6      | Noticed an orc warrior
  1672 | D:6      | Noticed a water moccasin
  1681 | D:5      | Entered Level 5 of the Dungeon
  1717 | D:5      | Slain by a scorpion

Illustrated notes

Levels and vault maps discovered:
D:1:      ncdulo_watergridlock, layout_basic
D:2:      layout_loops_ring, uniq_robin
D:3:      layout_loops_ring, mainiacjoe_overflow_paths, uniq_jessica
D:5:      cheibrodos_barr_body, layout_basic, dk_yredelemnul_ordeal,
          minmay_temple_entry_trees, uniq_edmund
D:6:      layout_layer_cave, uniq_pikel

Skill      XL: |  1  2  3  4  5 |
---------------+----------------+-----
Unarmed Combat | 1 2 3 |  3.6
Fighting       | 1 2 3 |  3.0
Dodging        | |  1.5
Stealth        | |  1.0
Spellcasting   | |  1.2
Necromancy     | |  3.2

Action                   |  1- 3 |  4- 6 || total
-------------------------+-------+-------++-------
Melee: Unarmed           |    87 |    86 ||   173
       Punch             |       |     1 ||     1
  Use: Potion            |       |     1 ||     1
 Stab: Sleeping          |     1 |       ||     1
Armor: Robe              |    30 |    36 ||    66
Dodge: Dodged            |    29 |    57 ||    86
